 Dungeon Crawl Stone Soup version 0.31-a0-234-gad7ace16ef (webtiles) character file.

Game seed: 14051457063616766492

82 qw the Shooter (level 4, 0/36 HPs)
             Began as a Minotaur Hexslinger on July 9, 2023.
             Slain by an orc
             ... wielding a +0 hand axe
              (2 damage)
             ... on level 3 of the Dungeon.
             The game lasted 00:00:46 (1891 turns).

qw the Shooter (Minotaur Hexslinger)                Turns: 1891, Time: 00:00:47

Health: 0/36       AC:  6    Str: 12    XL:     4   Next: 21%
Magic:  4/4        EV: 11    Int: 10    God:
Gold:   97         SH:  0    Dex: 15    Spells: 4/5 levels left

rFire   . . .        Y - +1 sling (flame)
rCold   . . .        (no shield)
rNeg    . . .        a - +0 ring mail
rPois   .            (helmet restricted)
rElec   .            (no cloak)
rCorr   .            (no gloves)
SInv    .            e - +0 pair of boots
Will    .....        (no amulet)
Stlth   +            (no ring)
HPRegen 0.26/turn    (no ring)
MPRegen 0.09/turn

%: no passive effects
@: no status effects
A: horns 2, retaliatory headbutt, teleportitis 1, subdued magic 1, MP-powered
wands
a: no special abilities


You were on level 3 of the Dungeon.
You visited 1 branch of the dungeon, and saw 3 of its levels.

You collected 97 gold pieces.


Innate Abilities, Weirdness & Mutations

You have a pair of horns on your head.
You reflexively headbutt those who attack you in melee.
You are occasionally teleported next to monsters.
Your spells are a little easier to cast, but a little less powerful.
You expend magic power (3 MP) to strengthen your wands.


   Skills:
 - Level 2.0 Fighting
 + Level 4.5 Ranged Weapons
 - Level 1.0 Armour
 - Level 2.1 Dodging
 - Level 1.0 Spellcasting
 - Level 2.0 Hexes


You had 4 spell levels left.
You knew the following spells:

 Your Spells              Type           Power      Damage    Failure   Level
a - Slow                  Hex            12%        N/A       30%         1

Your spell library contained the following spells:

 Spells                   Type           Power      Damage    Failure   Level
 Inner Flame              Hex/Fire       1%         N/A       80%         3
 Portal Projectile        Hex/Tloc       2%         N/A       80%         3
 Cause Fear               Hex            1%         N/A       97%         4

Inventory:

Hand Weapons
 Y - a +1 sling of flaming (weapon)
Armour
 a - a +0 ring mail (worn)
 e - a +0 pair of boots (worn)
Potions
 b - a potion of haste {unknown}
 d - a potion of brilliance {unknown}
 f - a potion of might {unknown}
 i - a potion of attraction {unknown}
 k - a potion of enlightenment {unknown}

Dungeon Overview and Level Annotations

Branches:
Dungeon (3/15)

Altars:
Hepliaklqana

Shops:
D:3 [

Annotations:
D:3 Grinder


Message History

The sling bullet burns Grinder.
Grinder is moderately wounded.
Grinder says, "Mostly I couldn't keep them alive."
Grinder hits you but does no damage. Grinder hits you!
You writhe in agony.
An orc wizard comes into view. It is wielding a +0 dagger.
You shoot a sling bullet. The sling bullet hits Grinder.
The sling bullet burns Grinder.
Grinder is heavily wounded.
Grinder barely misses you. You furiously retaliate!
You headbutt Grinder, but do no damage. You shoot a sling bullet.
The sling bullet hits Grinder but does no damage.
Grinder is heavily wounded.
Grinder blinks!
You shoot a sling bullet. The sling bullet hits the orc.
The sling bullet burns the orc.
The orc is severely wounded.
The orc hits you with a +0 dagger.
You shoot a sling bullet. The sling bullet hits the orc wizard.
The sling bullet burns the orc wizard.
The orc wizard is moderately wounded.
The orc throws a boomerang.
The boomerang hits you but does no damage.
You shoot a sling bullet.
The sling bullet closely misses the orc wizard.
Grinder blinks!
The orc wizard hits you but does no damage.
You shoot a sling bullet.
The sling bullet barely misses the orc wizard.
The orc misses you.
The orc wizard hits you but does no damage.
Grinder says, "There's only one good use for a tongue: cutting it out."
Grinder blinks!
The orc wizard closely misses you.
You shoot a sling bullet.
The sling bullet hits the orc wizard but does no damage.
The orc wizard is moderately wounded.
Grinder blinks!
The orc wizard hits you with a +0 dagger.
The orc hits you with a +0 hand axe.
You die...

#.# #.# #.# #.# #.#
#.# #.# #####
######.#######....
#@o....##.......#.
#o####....##+##.#.
.oo. ###..#...#...
...¤... ##.#.8.#...
##....¤.5 #.#...#...
#¤......# #.##'##...
####+#######.....%...
#...#.##....
###.....##....


You could see Grinder, an orc wizard and 3 orcs.

Vanquished Creatures
  An adder (D:3)
  A shadow imp (D:3)
  3 dart slugs
  5 ball pythons
  3 endoplasms
  4 giant cockroaches
  5 goblins
  6 hobgoblins
  4 jackals (D:1)
  5 quokkas
  3 bats
  6 frilled lizards
  4 kobolds
  6 rats
56 creatures vanquished.

Notes
Turn   | Place    | Note
-------+----------+-------------------------------------------
     0 | D:1      | qw the Minotaur Hexslinger began the quest for the Orb.
     0 | D:1      | Reached XP level 1. HP: 16/16 MP: 1/1
     0 | D:1      | 0 ||| qw: Version: 0.3-a-51-g015441d
     0 | D:1      | 0 ||| qw: Game counter: 4141
     0 | D:1      | 0 ||| qw: Melee chars always use a shield: true
     0 | D:1      | 0 ||| qw: God list: Okawaru
     0 | D:1      | 0 ||| qw: Allow faded altars: false
     0 | D:1      | 0 ||| qw: Do Orc after clearing Dungeon:15 true
     0 | D:1      | 0 ||| qw: Do second Lair branch before Depths: true
     0 | D:1      | 0 ||| qw: Lair rune preference: random
     0 | D:1      | 0 ||| qw: Goals: Normal
     0 | D:1      | 0 ||| PLANNING D:1-11
    75 | D:1      | Reached skill level 3 in Ranged Weapons
    78 | D:1      | Reached XP level 2. HP: 23/23 MP: 2/2
   328 | D:1      | Reached XP level 3. HP: 17/29 MP: 3/3
   873 | D:1      | 873 ||| READING scroll labelled BADDOR PYMNO.
   874 | D:1      | 874 ||| READING scroll labelled XALYAW HENU.
   875 | D:1      | 875 ||| READING scroll labelled MIVEGR EXOSOLE.
   976 | D:1      | 976 ||| READING scroll labelled FAOMOSHROMMA.
   977 | D:1      | 977 ||| DROPPING scroll of poison.
  1003 | D:2      | You fall into a shaft and drop 1 floor!
  1023 | D:3      | Reached skill level 4 in Ranged Weapons
  1136 | D:3      | Found a hazy altar of Hepliaklqana.
  1237 | D:3      | Found Jaunitsa's Armour Shoppe.
  1246 | D:3      | 1246 ||| SHOPLISTING +0 pair of boots (63 gold, have 36).
  1280 | D:3      | 1280 ||| UPGRADING to +0 ring mail.
  1290 | D:3      | 1290 ||| DROPPING +0 robe.
  1291 | D:3      | 1291 ||| UPGRADING to +0 pair of boots.
  1420 | D:2      | Reached XP level 4. HP: 36/36 MP: 4/4
  1457 | D:2      | Reached skill level 1 in Armour
  1831 | D:2      | 1831 ||| READING scroll labelled SIUNLE QYTTABO.
  1832 | D:2      | 1832 ||| READING scroll labelled OSSIUB YWIPP.
  1833 | D:2      | 1833 ||| READING scroll labelled VUZIAT ZYINUL.
  1834 | D:2      | 1834 ||| READING scroll labelled OMPUNNOQ USE.
  1838 | D:2      | 1838 ||| DRINKING 2 pink potions.
  1838 | D:2      | Gained mutation: You are occasionally teleported next to
                  | monsters. [potion of mutation]
  1838 | D:2      | Gained mutation: Your spells are a little easier to cast,
                  | but a little less powerful. [potion of mutation]
  1838 | D:2      | Gained mutation: You are agile. (Dex +4, Str/Int -1)
                  | [potion of mutation]
  1839 | D:2      | 1839 ||| DRINKING potion of mutation.
  1839 | D:2      | Lost mutation: You are agile. (Dex +4, Str/Int -1) [potion
                  | of mutation]
  1839 | D:2      | Lost mutation: You are occasionally teleported next to
                  | monsters. [potion of mutation]
  1839 | D:2      | Gained mutation: You expend magic power (3 MP) to
                  | strengthen your wands. [potion of mutation]
  1839 | D:2      | Gained mutation: You are occasionally teleported next to
                  | monsters. [potion of mutation]
  1869 | D:3      | Noticed Grinder
  1876 | D:3      | Paralysed by Grinder for 5 turns
  1884 | D:3      | HP: 4/36 [Grinder (8)]
  1887 | D:3      | HP: 1/36 [orc/+0 dagger (2)]
  1891 | D:3      | Slain by an orc

Levels and vault maps discovered:
D:1:      wander_arrival_estate, layout_basic
D:2:      layout_basic, minivault_23
D:3:      layout_basic, nicolae_hepliaklqana_hazy_memory, serial_shops, shop,
          kennysheep_path_1, minmay_misc_feat_room,
          chequers_serial_rivers_small_b, uniq_grinder

Skill      XL: |  1  2  3  4 |
---------------+-------------+-----
Ranged Weapons | 3 4 |  4.5
Fighting       | 2 |  2.0
Armour         | 1 |  1.0
Dodging        | |  2.1
Spellcasting   | |  1.0
Hexes          | |  2.0

Action                     |  1- 3 |  4- 6 || total
---------------------------+-------+-------++-------
   Fire: Sling             |   134 |    49 ||   183
    Use: Scroll            |     4 |     4 ||     8
         Potion            |       |     2 ||     2
 Armour: Robe              |     6 |       ||     6
         Ring mail         |     2 |    10 ||    12
  Dodge: Dodged            |    55 |    10 ||    65

Table legend:
 A = Non-vault XP
 B = Vault XP
 C = Vault XP percentage of total XP
 D = Non-vault monster count
 E = Vault monster count
 F = Vault count percentage of total count
                 A         B        C        D         E       F
            +---------+---------+-------+---------+---------+-------
      Total |     118 |       0 |   0.0 |      56 |       0 |   0.0
            +---------+---------+-------+---------+---------+-------
        D:1 |      51 |       0 |   0.0 |      30 |       0 |   0.0
        D:2 |      27 |       0 |   0.0 |      15 |       0 |   0.0
        D:3 |      40 |       0 |   0.0 |      11 |       0 |   0.0
            +---------+---------+-------+---------+---------+-------
